 Dungeon Crawl Stone Soup version 0.27-a0-1232-gc6a4cbde82 (webtiles) character file.

Game seed: 15230498697129479254

52 pokeman the Magician (level 3, 0/20 HPs)
             Began as a Deep Elf Hedge Wizard on June 8, 2021.
             Slain by a goblin
             ... wielding a +0 club
             ... led by Robin
              (2 damage)
             ... on level 2 of the Dungeon.
             The game lasted 00:03:26 (1467 turns).

pokeman the Magician (Deep Elf Hedge Wizard)        Turns: 1467, Time: 00:03:27

Health: 0/20       AC:  2    Str:  7    XL:     3   Next: 60%
Magic:  11/11      EV: 12    Int: 19    God:
Gold:   11         SH:  0    Dex: 14    Spells: 11/12 levels left

rFire    . . .     SeeInvis .   g - +0 dagger (venom)
rCold    . . .     Faith    .   (no shield)
rNeg     . . .     Spirit   .   b - +0 robe
rPois    +         Reflect  .   c - +0 hat
rElec    .         Harm     .   (no cloak)
rCorr    .         Rampage  .   (no gloves)
Will     .....                  (no boots)
Stlth    ++........             (no amulet)
HPRegen  0.06/turn              h - ring of poison resistance
MPRegen  0.12/turn              (no ring)

@: no status effects
A: no striking features
a: no special abilities


You were on level 2 of the Dungeon.
You visited 1 branch of the dungeon, and saw 2 of its levels.

You collected 11 gold pieces.

Inventory:

Hand Weapons
 g - a +0 dagger of venom (weapon)
Missiles
 e - 36 bolts
Armour
 b - a +0 robe (worn)
 c - a +0 hat (worn)
Jewellery
 h - a ring of poison resistance (left hand)
Scrolls
 a - a scroll of fear {unknown}
 f - a scroll of vulnerability {unknown}
Potions
 d - a potion of curing {unknown}


   Skills:
 + Level 1.0 Fighting
 + Level 1.0 Armour
 - Level 2.4 Dodging
 - Level 2.4 Stealth
 * Level 5.3 Spellcasting
 + Level 1.9 Conjurations
 - Level 1.1 Summonings
 - Level 1.1 Translocations


You had 11 spell levels left.
You knew the following spells:

 Your Spells              Type           Power      Damage    Failure   Level
a - Magic Dart            Conj           48%        1d5       5%          1

Your spell library contained the following spells:

 Spells                   Type           Power      Damage    Failure   Level
 Blink                    Tloc           N/A        N/A       12%         2
 Call Imp                 Summ           9%         N/A       12%         2
 Slow                     Hex            5%         N/A       19%         2
 Conjure Flame            Conj/Fire      8%         6-21      24%         3
 Mephitic Cloud           Conj/Pois/Air  7%         N/A       28%         3


Dungeon Overview and Level Annotations

Branches:
Dungeon (2/15)

Altars:
Elyvilon

Annotations:
D:2 Robin


Message History

You hit the adder.
The adder is poisoned.
The adder is lightly wounded.
The adder completely misses you.
You closely miss the adder.
The adder is lightly wounded.
The adder barely misses you. The adder closely misses you.
You hit the adder.
The adder looks as sick as possible!
The adder is heavily wounded.
The adder barely misses you.
You hit the adder but do no damage.
The adder is heavily wounded.
You kill the adder!
Your Armour skill increases to level 1!
You miss the goblin. You hit the goblin but do no damage.
The goblin closely misses you. The goblin hits you with a +0 club.
You barely miss the goblin. The goblin hits you but does no damage.
The goblin hits you with a +0 club.
You closely miss the goblin. The goblin closely misses you. x2
You closely miss the goblin. The goblin hits you with a +0 club.
The goblin closely misses you. The goblin barely misses you.
Found a stone staircase leading up.
The goblin hits you with a +0 club.
* * * LOW HITPOINT WARNING * * *
Found 23 stones.
The hobgoblin hits you.
* * * LOW HITPOINT WARNING * * *
There is a stone staircase leading up here.
Casting: Magic Dart (safe; 5% risk of failure)
Confirm with . or Enter, or press ? or * to list all spells.
You don't know that spell.
You see here 23 stones.
Okay, then.
You hit the goblin.
The goblin is poisoned.
The goblin is severely wounded.
You kill the goblin!
Your Fighting skill increases to level 1!
The goblin hits you with a +0 club.
You die...

##### ## #..... .#
# #.#
#.#######.#.# #.#
#.........#.##
#@#####>..........
#.gggg..........#
#######......###
........g.....#
######........#
#.......g..##
#.....####.#
#......#...#
#.........g#


You could see 2 hobgoblins and 2 goblins.

Vanquished Creatures
  An adder (D:2)
  A ball python (D:1)
  2 bats (D:1)
  6 endoplasms (D:1)
  6 goblins
  A hobgoblin (D:1)
  6 jackals (D:1)
  5 kobolds (D:1)
  3 quokkas (D:1)
  2 frilled lizards (D:1)
  A rat (D:1)
34 creatures vanquished.

Notes
Turn   | Place    | Note
-------+----------+-------------------------------------------
     0 | D:1      | pokeman the Deep Elf Hedge Wizard began the quest for the
                  | Orb.
     0 | D:1      | Reached XP level 1. HP: 10/10 MP: 7/7
   359 | D:1      | Reached XP level 2. HP: 16/16 MP: 4/9
   811 | D:1      | Reached skill level 5 in Spellcasting
   982 | D:1      | Reached XP level 3. HP: 20/20 MP: 7/11
  1222 | D:1      | Found a faded altar of an unknown god.
  1428 | D:2      | Noticed Robin
  1430 | D:2      | Found a white marble altar of Elyvilon.
  1447 | D:2      | Reached skill level 1 in Armour
  1467 | D:2      | Reached skill level 1 in Fighting
  1467 | D:2      | Slain by a goblin

Illustrated notes

Levels and vault maps discovered:
D:1:      wander_arrival_desolate, layout_loops_ring,
          ebering_ecumenical_altar_sacrificial
D:2:      layout_basic, basic_altar, serial_shops, nicolae_shop_behind_doors,
          minivault_4, kennysheep_potato, uniq_robin

Skill      XL: |  1  2  3 |
---------------+----------+-----
Spellcasting   | 5 |  5.3
Armour         | 1 |  1.0
Fighting       | 1 |  1.0
Dodging        | |  2.4
Stealth        | |  2.4
Conjurations   | |  1.9
Summonings     | |  1.1
Translocations | |  1.1

Action                   || total
-------------------------++-------
Melee: Dagger            ||    26
 Cast: Magic Dart        ||    89
Armor: Robe              ||    10
Dodge: Dodged            ||    45

Table legend: (Time is in decaauts)
 A = Elapsed time spent in this place.
 B = Non-inter-level travel time spent in this place.
 C = Inter-level travel time spent in this place.
 D = Time resting spent in this place.
 E = Time spent auto-exploring this place.
 F = Levels seen in this place.
 G = Mean time per level.
                   A        B        C        D        E       F      G
               +--------+--------+--------+--------+--------+-----+--------+
         Total |   1465 |   1451 |     14 |      3 |   1247 |   2 |  732.5 |
       Dungeon |   1465 |   1451 |     14 |      3 |   1247 |   2 |  732.5 |
               +--------+--------+--------+--------+--------+-----+--------+

Top non-repeatable levels by time:
     D:1: 1427 daAuts
     D:2: 38 daAuts
